 Dungeon Crawl Stone Soup version 0.30.0-29-ga12c61a403 (webtiles) character file.

Game seed: 7315110220999426711

495 qw the Chopper (level 7, -5/43 HPs)
             Began as a Gargoyle Fighter on June 4, 2023.
             Killed by divine providence
             ... invoked by an orc priest
              (13 damage)
             ... on level 3 of the Dungeon.
             The game lasted 00:02:12 (2923 turns).

qw the Chopper (Gargoyle Fighter)                   Turns: 2923, Time: 00:02:12

Health: -5/43      AC: 17    Str: 21    XL:     7   Next: 15%
Magic:  7/7        EV: 13    Int:  9    God:
Gold:   80         SH:  4    Dex:  9    Spells: 6/6 levels left

rFire   . . .        Y - +0 broad axe
rCold   . . .        c - +0 buckler
rNeg    + . .        p - +0 chain mail
rPois   inf          (no helmet)
rElec   +            q - +2 cloak
rCorr   .            (no gloves)
SInv    .            (no boots)
Will    .....        (no amulet) Stlth
                     n - +5 ring of evasion
HPRegen 0.27/turn    (no ring)
MPRegen 0.10/turn

%: no passive effects
@: no status effects
A: sickness immunity, AC +4, negative energy resistance 1, electricity
resistance, torment resistance 1, petrification resistance
a: no special abilities


You were on level 3 of the Dungeon.
You visited 2 branches of the dungeon, and saw 6 of its levels.
You also visited: Sewer.

You collected 213 gold pieces.
You spent 133 gold pieces at shops.


Innate Abilities, Weirdness & Mutations

You are immune to sickness and miasma.
Your stone body is resilient. (AC +4)
You are immune to poison.
You resist negative energy. (rN+)
You are resistant to electric shocks. (rElec)
You are resistant to unholy torment.
You are immune to petrification.


   Skills:
 - Level 4.2 Fighting
 + Level 6.1 Axes
 - Level 3.2 Armour
 - Level 1.5 Dodging
 - Level 3.2 Shields


You had 6 spell levels left.
You didn't know any spells.
Your spell library was empty.

Inventory:

Hand Weapons
 b - a +1 whip of venom
 Y - a +0 broad axe (weapon)
Armour
 c - a +0 buckler (worn)
 p - a +0 chain mail (worn)
 q - a +2 cloak (worn)
Jewellery
 n - a +5 ring of evasion (left hand)
Wands
 m - a wand of digging (3)
Scrolls
 j - a scroll of identify
 k - 2 scrolls of teleportation
Potions
 a - a potion of attraction
 d - a potion of might
 e - a potion of haste
 f - a potion of mutation
 g - a potion of curing {unknown}
 h - a potion of berserk rage {unknown}
 i - a potion of ambrosia {unknown}
 l - a potion of degeneration {unknown}
 o - a potion of heal wounds {unknown}
 r - a potion of lignification {unknown}
 s - a potion of brilliance {unknown}
 t - a potion of experience {unknown}

Dungeon Overview and Level Annotations

Branches:
Dungeon (5/15)             Temple (1/1) D:5           Sewer (visited)

Altars:
Dithmenos
Fedhas
Gozag
Hepliaklqana
Kikubaaqudgha
Nemelex Xobeh
Sif Muna
Zin

Shops:
D:3 ([=(?

Annotations:
D:3 exclusion: 3 orc priests


Message History

Enter note:
Enter note:
Enter note:
Enter note:
Enter note:
Enter note:
Enter note:
Enter note:
Enter note:
Enter note:
Enter note:
Enter note:
Enter note:
Enter note:
Enter note:
Enter note:
Enter note:
Enter note:
Enter note:
Enter note:
Enter note:
Enter note:
Enter note:
Enter note:
Enter note:
Enter note:
Enter note:
Enter note: You swing at nothing.
You swing at nothing.
You swing at nothing.
You swing at nothing.
You swing at nothing.
Beogh smites you!
You swing at nothing.
You swing at nothing.
Beogh smites you!
You swing at nothing.
Beogh smites you!
You die...

## ###.# #~~~~# # #.# ##~~~~## #
#.# ..~~~~~# # #.# #~~~~~#
#########)####### #.~~~~##
.##.............# #.~~~{~#
.##.#####.#####.###.~~~~~######
.#...####.#####.#..88~~~~~88..##
..............\.@..............#.
##...####....................(.$!
##.## #.##<#.....88~~~~~88..###
###.#####.#.###..##.##~~~~#####
.....>.....## ##.##.##~~~~~#
##..........## .......~~~~~#
#.........>.#........#~~~~#
#..####.###..#.##....#~~~~~# #..#
### #+## ###..#~~~~~#


There were no monsters in sight!

Vanquished Creatures
  2 kobold brigands
  A scorpion (D:5)
  A howler monkey (D:4)
  An orc priest (D:3)
  An orc wizard (D:3)
  10 adders
  A river rat (Sewer)
  4 worms
  A dart slug (D:2)
  4 orcs (D:3)
  5 ball pythons
  6 endoplasms
  7 giant cockroaches
  6 goblins
  5 hobgoblins
  4 jackals (D:2)
  14 kobolds
  4 quokkas
  5 bats
  6 frilled lizards
  13 rats
101 creatures vanquished.

Notes
Turn   | Place    | Note
-------+----------+-------------------------------------------
     0 | D:1      | qw the Gargoyle Fighter began the quest for the Orb.
     0 | D:1      | Reached XP level 1. HP: 14/14 MP: 1/1
     0 | D:1      | 0 ||| qw: Version: 0.2-a-107-g4668610
     0 | D:1      | 0 ||| qw: Game counter: 1261
     0 | D:1      | 0 ||| qw: Always use a shield: true
     0 | D:1      | 0 ||| qw: God list: Okawaru
     0 | D:1      | 0 ||| qw: Allow faded altars: false
     0 | D:1      | 0 ||| qw: Do Orc after D:15 true
     0 | D:1      | 0 ||| qw: Do second Lair branch before Depths: true
     0 | D:1      | 0 ||| qw: Lair rune preference: random
     0 | D:1      | 0 ||| qw: Plans: Normal, Zot:1-4, Slime:5, God:TSO, Crypt,
                  | Tomb, Abyss, Pan, Hells, Win
     0 | D:1      | 0 ||| PLANNING D:1-11
    22 | D:1      | Reached skill level 2 in Axes
    36 | D:1      | 36 ||| Stepping ~*~*~tactically~*~*~ (stealth).
    64 | D:1      | 64 ||| Stepping ~*~*~tactically~*~*~ (stealth).
    78 | D:1      | Reached XP level 2. HP: 19/19 MP: 2/2
    94 | D:1      | 94 ||| Stepping ~*~*~tactically~*~*~ (stealth).
   262 | D:1      | 262 ||| Stepping ~*~*~tactically~*~*~ (stealth).
   275 | D:1      | 275 ||| Stepping ~*~*~tactically~*~*~ (stealth).
   349 | D:1      | Reached skill level 3 in Axes
   409 | D:1      | Reached XP level 3. HP: 23/23 MP: 3/3
   533 | D:1      | 533 ||| Stepping ~*~*~tactically~*~*~ (stealth).
   772 | D:1      | 772 ||| UPGRADING to +5 ring of evasion.
   773 | D:1      | 773 ||| READING scroll labelled QIUVEQ YDYACH.
   789 | D:1      | 789 ||| READING scroll labelled KOZXAA WYROO.
   790 | D:1      | 790 ||| READING scroll labelled QALECO AMMATU.
   791 | D:1      | 791 ||| READING 2 scrolls labelled BOHIQ SYHATOL.
   792 | D:1      | 792 ||| READING scroll labelled HEETUA XISEETU.
   793 | D:1      | 793 ||| READING scroll labelled TUIRHAEKYW.
   794 | D:1      | 794 ||| READING scroll labelled SEAM RUCOEMIYZ.
   848 | D:2      | Reached XP level 4. HP: 28/28 MP: 4/4
   972 | D:2      | Reached skill level 4 in Axes
  1057 | D:2      | 1057 ||| Stepping ~*~*~tactically~*~*~ (stealth).
  1093 | D:2      | Identified the +9 dagger of Cooraqep {flame, *Corrode rElec
                  | rN+++ Dex-4}
  1173 | D:3      | 1173 ||| Stepping ~*~*~tactically~*~*~ (hiding).
  1195 | D:3      | 1195 ||| Stepping ~*~*~tactically~*~*~ (stealth).
  1197 | D:3      | 1197 ||| Stepping ~*~*~tactically~*~*~ (stealth).
  1199 | D:3      | 1199 ||| Stepping ~*~*~tactically~*~*~ (stealth).
  1200 | D:3      | 1200 ||| Stepping ~*~*~tactically~*~*~ (stealth).
  1303 | D:3      | Found Majupoj's Weapon Shop.
  1305 | D:3      | Found Doun's Magic Scroll Boutique.
  1310 | D:3      | 1310 ||| SHOPLISTING +2 morningstar of holy wrath (211
                  | gold, have 146).
  1321 | D:3      | 1321 ||| BUYING scroll of enchant armour (105 gold).
  1321 | D:3      | Bought a scroll of enchant armour for 105 gold pieces
  1321 | D:3      | 1321 ||| BUYING scroll of identify (28 gold).
  1321 | D:3      | Bought a scroll of identify for 28 gold pieces
  1321 | D:3      | 1321 ||| SHOPLISTING scroll of identify (28 gold, have 25).
  1328 | D:3      | Found Ocluolukk's Antique Armour Shoppe.
  1348 | D:3      | Found Ywafegho's Jewellery Boutique.
  1351 | D:3      | 1351 ||| SHOPLISTING chain mail (144 gold, have 25).
  1351 | D:3      | 1351 ||| SHOPLISTING glowing scale mail (224 gold, have
                  | 25).
  1351 | D:3      | 1351 ||| SHOPLISTING runed ring mail (224 gold, have 25).
  1351 | D:3      | 1351 ||| SHOPLISTING shiny plate armour (832 gold, have
                  | 25).
  1363 | D:3      | 1363 ||| SHOPLISTING +5 ring of evasion (432 gold, have
                  | 36).
  1363 | D:3      | 1363 ||| SHOPLISTING +6 ring of dexterity (432 gold, have
                  | 36).
  1363 | D:3      | 1363 ||| SHOPLISTING amulet of faith (480 gold, have 36).
  1363 | D:3      | 1363 ||| SHOPLISTING amulet of the acrobat (360 gold, have
                  | 36).
  1363 | D:3      | 1363 ||| SHOPLISTING ring of Ashra {Ice Will+ Str+4} (552
                  | gold, have 36).
  1363 | D:3      | 1363 ||| SHOPLISTING ring of positive energy (240 gold,
                  | have 36).
  1363 | D:3      | 1363 ||| SHOPLISTING ring of resist corrosion (240 gold,
                  | have 36).
  1392 | D:3      | Reached XP level 5. HP: 26/32 MP: 5/5
  1491 | D:3      | Reached skill level 5 in Axes
  1523 | D:3      | You fall into a shaft and drop 2 floors!
  1523 | D:5      | Entered Level 5 of the Dungeon
  1529 | D:5      | Found a staircase to the Ecumenical Temple.
  1530 | D:5      | 1530 ||| PLANNING TEMPLE
  1540 | D:5      | 1540 ||| UPGRADING to +0 chain mail.
  1550 | D:5      | 1550 ||| DROPPING +0 scale mail.
  1551 | D:5      | 1551 ||| READING scroll labelled GAPPUPUAMP.
  1573 | D:5      | 1573 ||| SWAPPING to +0 broad axe.
  1574 | D:5      | 1574 ||| DROPPING +1 war axe.
  1631 | D:5      | 1631 ||| READING scroll labelled LERCHE PILANGU.
  1632 | D:5      | 1632 ||| READING 3 scrolls of identify.
  1632 | D:5      | 1632 ||| IDENTIFYING black potion
  1633 | D:5      | 1633 ||| READING 2 scrolls of identify.
  1633 | D:5      | 1633 ||| IDENTIFYING metallic orange potion
  1645 | Temple   | Entered the Ecumenical Temple
  1688 | Temple   | 1688 ||| PLANNING D:1-11
  1747 | D:4      | 1747 ||| PLANNING SEWER
  1866 | D:4      | Reached XP level 6. HP: 33/38 MP: 6/6
  1988 | D:4      | Found a faded altar of an unknown god.
  1989 | D:4      | Found a hazy altar of Hepliaklqana.
  2175 | D:4      | Found a glowing drain.
  2176 | D:4      | 2176 ||| DROPPING orb of guile.
  2177 | D:4      | 2177 ||| UPGRADING to +0 cloak.
  2182 | D:4      | 2182 ||| READING scroll of enchant armour.
  2182 | D:4      | 2182 ||| ENCHANTING +0 cloak.
  2183 | D:4      | 2183 ||| READING scroll labelled ANOGUGAIFE.
  2187 | Sewer    | Entered a sewer
  2189 | Sewer    | 2189 ||| Stepping ~*~*~tactically~*~*~ (stealth).
  2190 | Sewer    | 2190 ||| Stepping ~*~*~tactically~*~*~ (stealth).
  2191 | Sewer    | 2191 ||| Stepping ~*~*~tactically~*~*~ (stealth).
  2192 | Sewer    | 2192 ||| Stepping ~*~*~tactically~*~*~ (hiding).
  2231 | Sewer    | 2231 ||| Stepping ~*~*~tactically~*~*~ (water).
  2250 | Sewer    | 2250 ||| Stepping ~*~*~tactically~*~*~ (water).
  2269 | Sewer    | 2269 ||| DROPPING +0 mace.
  2353 | Sewer    | Reached skill level 6 in Axes
  2475 | Sewer    | 2475 ||| Stepping ~*~*~tactically~*~*~ (hiding).
  2477 | Sewer    | 2477 ||| Stepping ~*~*~tactically~*~*~ (hiding).
  2493 | Sewer    | Reached skill level 1 in Dodging
  2493 | Sewer    | Reached XP level 7. HP: 41/43 MP: 7/7
  2605 | Sewer    | 2605 ||| READING scroll of enchant armour.
  2605 | Sewer    | 2605 ||| ENCHANTING +1 cloak.
  2609 | Sewer    | 2609 ||| DRINKING 2 sapphire potions.
  2610 | Sewer    | 2610 ||| DRINKING 2 pink potions.
  2611 | Sewer    | 2611 ||| DROPPING potion of flight.
  2638 | D:4      | 2638 ||| PLANNING D:1-11
  2760 | D:3      | 2760 ||| Stepping ~*~*~tactically~*~*~ (hiding).
  2818 | D:3      | 2818 ||| Stepping ~*~*~tactically~*~*~ (stealth).
  2820 | D:3      | 2820 ||| Stepping ~*~*~tactically~*~*~ (hiding).
  2882 | D:3      | Found Xipradghy's Weapon Shop.
  2905 | D:3      | 2905 ||| Stepping ~*~*~tactically~*~*~ (hiding).
  2906 | D:3      | 2906 ||| FLEEEEING.
  2922 | D:3      | HP: 7/43 [something (12)]
  2923 | D:3      | Killed from afar by an orc priest

Levels and vault maps discovered:
D:1:      amcnicky_arrival_single_pillar, layout_loops_ring
D:2:      layout_rooms
D:3:      wander_river, layout_loops_ring, amethyst_overflow_temple_binary,
          serial_shops, nicolae_shop_bloodbath_and_beyond, shop, shop, shop,
          shop
D:4:      minmay_chambers_of_threes, layout_loops_ring,
          beargit_hepliaklqana_dungeon_heroes, mainiacjoe_overflow_boulevard,
          serial_shops, nicolae_shop_statue_plus, gup_sewer_entry_spiral,
          nicolae_shop_clearance, uniq_crazy_yiuf_cottage
D:5:      layout_basic, tso_oasis_becter, minmay_temple_entry_wispy
Temple:   nicolae_temple_ecumenical_triangle

Skill      XL: |  1  2  3  4  5  6 |
---------------+-------------------+-----
Axes           | 2 3 4 5 6 |  6.1
Fighting       | 4 |  4.2
Dodging        | 1 |  1.5
Armour         | |  3.2
Shields        | |  3.2

Action                     |  1- 3 |  4- 6 |  7- 9 || total
---------------------------+-------+-------+-------++-------
  Melee: War axe           |   103 |    95 |       ||   198
         Broad axe         |       |   148 |    10 ||   158
    Use: Scroll            |     7 |     6 |     1 ||    14
         Potion            |       |       |     2 ||     2
 Armour: Scale mail        |    44 |    25 |       ||    69
         Chain mail        |       |    64 |     2 ||    66
  Dodge: Dodged            |    41 |   152 |     5 ||   198
  Block: Buckler           |    18 |    46 |     2 ||    66

Table legend:
 A = Non-vault XP
 B = Vault XP
 C = Vault XP percentage of total XP
 D = Non-vault monster count
 E = Vault monster count
 F = Vault count percentage of total count
                 A         B        C        D         E       F
            +---------+---------+-------+---------+---------+-------
      Total |     400 |     308 |  43.5 |      71 |      30 |  29.7
            +---------+---------+-------+---------+---------+-------
        D:1 |      48 |       0 |   0.0 |      31 |       0 |   0.0
        D:2 |      84 |       0 |   0.0 |      19 |       0 |   0.0
        D:3 |     133 |       0 |   0.0 |      19 |       0 |   0.0
        D:4 |      55 |     127 |  69.8 |       1 |       8 |  88.9
        D:5 |      80 |       0 |   0.0 |       1 |       0 |   0.0
      Sewer |       0 |     181 | 100.0 |       0 |      22 | 100.0
            +---------+---------+-------+---------+---------+-------
